cohdb
Replays
Latest Replays
All Replays
Popular Replays
Top Player Replays
Match Explorer
How It Works
Community
CoH3 Stats
Reddit
Sign in to upload your games and track your stats! →
Sign in with Steam
Match 26431091
Unlisted
Match 26431091
Overview
Messages
Build Orders
End
Panzergrenadier Squad
Panzergrenadier Squad
Construct Light Support Kompanie
Selects Italian Infantry
Fire Support Elements
le.IG 18 Support Gun Team
Panzerjäger Squad
Selects Guastatori Squad
Guastatori Squad
Pak 38 Anti-tank Gun Team
Selects Defensive Operations
Construct Panzerarmee Kommand
Armored Reserves
Selects Prepared Positions
Selects Obice 305mm Barrage
Selects L6/40 Light Tank Combat Group
Veteran Squad Leaders
Panzer IV Assault Group
2.5-tonne Medical Truck
Selects Towed Cannone da 105/28 Field Howitzer
2.5-tonne Medical Truck
Obice 305mm Barrage
Tiger Heavy Tank
Guastatori Squad
Panzergrenadier Squad
Panzer IV Assault Group
Obice 305mm Barrage
Guastatori Squad
Tiger Heavy Tank
Obice 305mm Barrage
Rapid Advance
Obice 305mm Barrage
Guastatori Squad
Better Call Saul
Ashkan_Hunter
SneaKerz
gb_gbg
0
0
Comments
sign in to comment!
No comments posted yet!